 Dungeon Crawl Stone Soup version 0.29.1-2-gbd0b4ee654 (webtiles) character file.

Game seed: 13217704473933598705

275 mydica the Firebug (level 6, 0/48 HPs)
             Began as a Draconian Fire Elementalist on Nov 26, 2022.
             Succumbed to a scorpion's poison
             ... on level 4 of the Dungeon.
             The game lasted 00:48:03 (5846 turns).

mydica the Firebug (Draconian Fire Elementalist)    Turns: 5846, Time: 00:48:04

Health: 0/48       AC:  7    Str: 11    XL:     6   Next: 3%
Magic:  8/10       EV: 12    Int: 17    God:
Gold:   154        SH:  0    Dex: 11    Spells: 10/11 levels left

rFire   + + +      SeeInvis .   m - staff of fire
rCold   + . .      Faith    .   (no shield)
rNeg    . . .      Spirit   .   (body armour unavailable)
rPois   +          Reflect  .   n - +1 hat
rElec   +          Harm     .   (no cloak)
rCorr   +          Rampage  .   (no gloves)
Will    .....                   (no boots)
Stlth   ++........              (no amulet)
HPRegen 0.16/turn               j - ring of protection from fire
MPRegen 0.12/turn               (no ring)

@: lethally poisoned (0 -> -10), resistant
A: AC +6, unfitting armour, cold-blooded
a: no special abilities


You were on level 4 of the Dungeon.
You visited 1 branch of the dungeon, and saw 4 of its levels.

You collected 154 gold pieces.

Inventory:

Hand Weapons
 d - a +0 dagger
 e - a +0 mace
 f - a +0 short sword
 q - a +1 dagger of electrocution
Missiles
 c - 49 stones
Armour
 b - an orb of mayhem
 n - a +1 hat (worn)
Magical Staves
 m - a staff of fire (weapon)
Jewellery
 j - a ring of protection from fire (left hand)
Wands
 l - a wand of light (8)
Scrolls
 h - 3 scrolls of fog
 k - a scroll of magic mapping {unknown}
 r - a scroll of teleportation {unknown}
Potions
 a - 4 potions of magic
 g - a potion of invisibility {unknown}
 i - a potion of flight
 o - a potion of attraction
 p - 2 potions of might
 s - a potion of brilliance {unknown}
 t - a potion of degeneration {unknown}
 u - a potion of curing {unknown}
 v - a potion of resistance


   Skills:
 + Level 1.6 Fighting
 + Level 1.0 Staves
 - Level 1.7 Dodging
 - Level 1.9 Stealth
 - Level 3.0 Spellcasting
 - Level 3.0 Conjurations
 - Level 5.0 Fire Magic


You had 10 spell levels left.
You knew the following spells:

 Your Spells              Type           Power      Damage    Failure   Level
a - Foxfire               Conj/Fire      96%        2x1d8     3%          1

Your spell library contained the following spells:

 Spells                   Type           Power      Damage    Failure   Level
 Scorch                   Fire           58%        2d8       3%          2
 Magic Dart               Conj           48%        1d5       4%          1
 Conjure Flame            Conj/Fire      24%        6-21      10%         3
 Apportation              Tloc           4%         N/A       17%         1
 Summon Small Mammal      Summ           8%         N/A       17%         1
 Inner Flame              Hex/Fire       16%        N/A       19%         3
 Blink                    Tloc           4%         N/A       26%         2
 Call Imp                 Summ           2%         N/A       26%         2
 Flame Wave               Conj/Fire      24%        2d8       32%         4
 Mephitic Cloud           Conj/Pois/Air  5%         N/A       34%         3
 Call Canine Familiar     Summ           2%         N/A       45%         3
 Lesser Beckoning         Tloc           2%         N/A       45%         3
 Summon Guardian Golem    Hex/Summ       2%         N/A       45%         3
 Alistair's Intoxication  Tmut/Pois      1%         N/A       99%         5
 Manifold Assault         Tloc           2%         N/A       99%         5


Dungeon Overview and Level Annotations

Branches:
Dungeon (4/15)
 Temple: D:4-7

Altars:
Qazlal

Annotations:
D:4 Edmund


Innate Abilities, Weirdness & Mutations

Your plain brown scales are hard. (AC +6)
You cannot fit into any form of body armour.
You are cold-blooded and may be slowed by cold attacks.


Message History

You feel sick.
The scorpion stings you but does no damage.
The scorpion stings you.
You are more poisoned.
The scorpion poisons you!
It was a potion of resistance.
You feel protected.
You feel very sick. The scorpion barely misses you.
You hit the scorpion but do no damage.
The scorpion is heavily wounded.
You feel very sick. The scorpion stings you.
You are lethally poisoned!
The scorpion poisons you!
You barely miss the scorpion.
The scorpion is heavily wounded.
You feel very sick. The scorpion closely misses you. x2
You hit the scorpion but do no damage.
The scorpion is heavily wounded.
* * * LOW HITPOINT WARNING * * *
You feel very sick. The scorpion closely misses you.
You hit the scorpion.
The scorpion is heavily wounded.
* * * LOW HITPOINT WARNING * * *
You feel very sick. The scorpion barely misses you.
You hit the scorpion but do no damage. You burn the scorpion.
The scorpion is almost dead.
* * * LOW HITPOINT WARNING * * *
You feel very sick. The scorpion stings you.
* * * LOW HITPOINT WARNING * * *
The scorpion barely misses you.
Unknown command.
You closely miss the scorpion.
The scorpion is almost dead.
You die...

######## ......#
##....###
###.......######
#@........)....#
#s#.......####.#
#.##....### #.#
.........v...<#
####.###
....###########
#....... .#
#.##.##. #.##.#
#.##.# #.##.♣


You could see a scorpion.

Vanquished Creatures
  Jessica (D:2)
  Terence (D:3)
  Robin (D:2)
  8 gnolls
  5 adders
  A worm (D:2)
  2 dart slugs (D:1)
  An orc (D:4)
  7 bats
  9 endoplasms
  2 giant cockroaches (D:1)
  10 goblins
  8 hobgoblins
  3 jackals
  3 quokkas
  4 ball pythons
  2 frilled lizards
  9 kobolds
  6 rats
83 creatures vanquished.

Vanquished Creatures (others)
  259 foxfires
259 creatures vanquished.

Grand Total: 342 creatures vanquished

Notes
Turn   | Place    | Note
-------+----------+-------------------------------------------
     0 | D:1      | mydica the Draconian Fire Elementalist began the quest for
                  | the Orb.
     0 | D:1      | Reached XP level 1. HP: 14/14 MP: 3/3
   528 | D:1      | Reached XP level 2. HP: 20/20 MP: 1/5
  1034 | D:1      | Found a faded altar of an unknown god.
  1196 | D:1      | Reached XP level 3. HP: 26/26 MP: 0/6
  1390 | D:1      | Reached skill level 4 in Fire Magic
  1765 | D:2      | Found a stormy altar of Qazlal.
  1865 | D:2      | Noticed Robin
  3046 | D:2      | Reached XP level 4. HP: 33/33 MP: 5/7
  3069 | D:2      | Killed Robin
  3380 | D:2      | Noticed Jessica
  3384 | D:2      | Killed Jessica
  3385 | D:2      | Reached XP level 5. HP: 38/38 MP: 5/8
  3748 | D:3      | Reached skill level 5 in Fire Magic
  4702 | D:3      | Reached skill level 1 in Staves
  4955 | D:3      | Noticed Terence
  4961 | D:3      | Killed Terence
  4962 | D:3      | Reached skill level 1 in Fighting
  5464 | D:4      | Noticed Edmund
  5717 | D:4      | Reached XP level 6. HP: 48/48 MP: 5/10
  5846 | D:4      | Succumbed to a scorpion's poison

Illustrated notes

Levels and vault maps discovered:
D:1:      minmay_arrival_stair_chambers, layout_basic,
          ebering_ecumenical_altar_hall, minmay_surrounded
D:2:      layout_rooms, basic_altar, kennysheep_generic_room_6, uniq_jessica,
          uniq_robin
D:3:      layout_basic, grunt_decor_junction, minmay_fountain_box,
          supply_closet_lemuel, uniq_terence
D:4:      layout_loops_cross, minmay_temple_entry_poolview, serial_forest,
          infiniplex_forest_side_room, infiniplex_forest_3_way,
          infiniplex_forest_diagonal, infiniplex_forest_clump_C,
          infiniplex_forest_join, portal_sewer_entry_b, minmay_misc_feat_x,
          uniq_edmund

Skill      XL: |  1  2  3  4  5 |
---------------+----------------+-----
Fire Magic     | 4 5 |  5.0
Conjurations   | 2 3 |  3.0
Spellcasting   | 3 |  3.0
Staves         | 1 |  1.0
Fighting       | 1 |  1.6
Dodging        | |  1.7
Stealth        | |  1.9

Action                   |  1- 3 |  4- 6 || total
-------------------------+-------+-------++-------
Melee: Unarmed           |     3 |       ||     3
       Dagger            |    42 |       ||    42
       Tailslap          |     4 |     1 ||     5
       Staff             |     1 |    24 ||    25
 Cast: Foxfire           |    95 |    94 ||   189
Evoke: Wand              |     1 |       ||     1
  Use: Scroll            |       |     4 ||     4
       Potion            |       |     1 ||     1
Armor: Skin              |    25 |     7 ||    32
Dodge: Dodged            |    45 |     8 ||    53
